 Dungeon Crawl Stone Soup version 0.17.1-3-g152610e (webtiles) character file.

288 Zhenya25pyc the Cudgeler (level 6, 0/39 HPs)
             Began as a Gargoyle Fighter on Apr 14, 2016.
             Was an Initiate of Okawaru.
             Killed from afar by an orc wizard (9 damage)
             ... with a magic dart
             ... on level 3 of the Dungeon.
             The game lasted 00:05:24 (1881 turns).

Zhenya25pyc the Cudgeler (Gargoyle Fighter)         Turns: 1881, Time: 00:05:24

Health: 0/39       AC: 16    Str: 21    XL:     6   Next: 31%
Magic:  6/6        EV:  4    Int:  9    God:    Okawaru [......]
Gold:   158        SH:  9    Dex:  9    Spells: 0 memorised, 5 levels left

rFire  x . .     SeeInvis .     a - +0 flail
rCold  + . .     Clarity  .     j - +0 plate armour
rNeg   + . .     SustAt   .     c - +0 shield
rPois  ∞         Gourm    .     (no helmet)
rElec  +         Spirit   .     (no cloak)
rCorr  .         Warding  .     (no gloves)
rMut   .         Stasis   .     (no boots)
MR     .....                    (no amulet)
Stlth  ..........               (no ring)
                                u - ring of ice

@: not resistant to hostile enchantments, extremely unstealthy
A: negative energy resistance 1, electricity resistance, unbreathing,
petrification resistance, rot immunity, AC +4
a: Renounce Religion


You were on level 3 of the Dungeon.
You worshipped Okawaru.
Okawaru was noncommittal.
You were hungry.

You visited 1 branch of the dungeon, and saw 3 of its levels.

You collected 158 gold pieces.

Inventory:

Hand Weapons
 a - a +0 flail (weapon)
Armour
 c - a +0 shield (worn)
 j - a +0 plate armour (worn)
Jewellery
 u - a ring of ice (left hand)
Scrolls
 f - 3 scrolls of teleportation {unknown}
 g - 2 scrolls of enchant weapon {unknown}
 h - 3 scrolls of identify {unknown}
 i - a scroll of amnesia {unknown}
 k - a scroll of enchant armour {unknown}
 n - a scroll of magic mapping {unknown}
 o - 2 scrolls of immolation {unknown}
 p - a scroll of fear {unknown}
 x - a scroll of blinking {unknown}
Potions
 b - a potion of curing {unknown}
 d - 2 potions of might
 l - 2 potions of cancellation {unknown}
 r - a potion of resistance {unknown}
 s - 2 potions of cure mutation {unknown}
 t - a potion of ambrosia {unknown}
 v - a potion of poison {unknown}
 w - a potion of heal wounds {unknown}
Comestibles
 e - 3 bread rations
 m - 2 meat rations
 q - a slice of pizza


   Skills:
 + Level 4.7 Fighting
 * Level 4.8 Maces & Flails
 + Level 4.5 Armour
 - Level 3.2 Shields


You had 5 spell levels left.
You didn't know any spells.

Dungeon Overview and Level Annotations

Branches:
Dungeon (3/15)

Altars:
Okawaru


Innate Abilities, Weirdness & Mutations

You are resistant to torment.
Your stone body is resilient (AC +4).
You are immune to poison.
You resist negative energy.
You are resistant to electric shocks.
You can survive without breathing.
You are immune to petrification.
You are immune to rotting.


Message History

You kill the orc wizard!
Okawaru accepts your kill. The orc hits you but does no damage.
The orc wizard hits you but does no damage.
Things that are here:
a dagger; a robe; a rat corpse You sock the orc wizard!
The orc wizard is severely wounded.
The orc wizard hits you but does no damage.
The orc hits you but does no damage.
The orc wizard gestures wildly while chanting.
The orc wizard blinks!
The orc hits you but does no damage.
Things that are here:
a club; an orc corpse You sock the orc!
You kill the orc!
Okawaru accepts your kill.
The orc wizard gestures at you while chanting.
The magic dart hits you!
You die...

.....# #.....## #
#..###.##### #
#o....# # #.#.###
o########)..#
o........##.#
.......#.##)#
.#####.#.##)#####
#.#.##@....#
#####.#.##)###.#
..%.......o..#
#..........#.#
...##.###.##.# #.
#. ....= #
#.#.###..# ....
.#.. #.# . .#


You could see an orc wizard.

Vanquished Creatures
  The ghost of Sl000nik the Shield-Bearer, an amateur GrFi (D:3)
  A crimson imp (D:3)
  An orc wizard (D:3)
  Natasha (twice) (D:3)
  An adder (D:2)
  An ooze (D:3)
  A worm (D:2)
  7 orcs (D:3)
  6 bats
  A giant cockroach (D:1)
  6 hobgoblins
  3 jackals (D:1)
  7 kobolds
  3 ball pythons
  6 giant newts
  8 goblins
  9 rats
64 creatures vanquished.

Notes
Turn   | Place    | Note
--------------------------------------------------------------
     0 | D:1      | Zhenya25pyc the Gargoyle Fighter began the quest for the Orb.
     0 | D:1      | Reached XP level 1. HP: 14/14 MP: 1/1
   131 | D:1      | Reached XP level 2. HP: 14/19 MP: 2/2
   592 | D:1      | Reached XP level 3. HP: 20/23 MP: 3/3
  1190 | D:2      | Found an iron altar of Okawaru.
  1302 | D:2      | Became a worshipper of Warmaster Okawaru
  1429 | D:3      | Reached skill level 4 in Fighting
  1429 | D:3      | Reached XP level 4. HP: 29/29 MP: 4/4
  1473 | D:3      | Noticed Sl000nik's ghost (amateur GrFi)
  1493 | D:3      | Killed Sl000nik's ghost
  1493 | D:3      | Reached XP level 5. HP: 14/34 MP: 5/5
  1753 | D:3      | Noticed Natasha
  1787 | D:3      | Killed Natasha
  1787 | D:3      | Reached XP level 6. HP: 22/39 MP: 6/6
  1800 | D:3      | Noticed Natasha
  1823 | D:3      | Killed Natasha
  1881 | D:3      | Killed from afar by an orc wizard

Action                   |  1- 3 |  4- 6 || total
-------------------------+-------+-------++-------
Melee: Flail             |   198 |    87 ||   285
  Use: Potion            |       |     1 ||     1
  Eat: Chunk             |     1 |     2 ||     3
